 Dungeon Crawl Stone Soup version 0.27.1-1-g398f81649c (webtiles) character file.

Game seed: 3897203783594226960

986 boopmooplesden the Chopper (level 7, -11/61 HPs)
             Began as a Minotaur Fighter on Sept 15, 2021.
             Mangled by a komodo dragon (25 damage)
             ... on level 8 of the Dungeon.
             The game lasted 00:05:13 (4537 turns).

boopmooplesden the Chopper (Minotaur Fighter)       Turns: 4537, Time: 00:05:14

Health: -11/61     AC: 11    Str: 22    XL:     7   Next: 97%
Magic:  6/6        EV:  6    Int:  5    God:
Gold:   235        SH: 10    Dex: 10    Spells: 6/6 levels left

rFire    . . .     SeeInvis .   a - +1 war axe
rCold    . . .     Faith    .   c - +0 kite shield
rNeg     . . .     Spirit   .   r - +1 chain mail of the Trees {Fly Regen+ Stlth+}
rPois    .         Reflect  .   (helmet restricted)
rElec    .         Harm     .   (no cloak)
rCorr    .         Rampage  .   (no gloves)
Will     .....                  (no boots)
Stlth    ..........             (no amulet)
HPRegen  1.20/turn              (no ring)
MPRegen  0.10/turn              (no ring)

@: flying
A: horns 2, retaliatory headbutt
a: no special abilities


You were on level 8 of the Dungeon.
You visited 1 branch of the dungeon, and saw 7 of its levels.

You collected 235 gold pieces.

Inventory:

Hand Weapons
 a - a +1 war axe (weapon)
 l - a +1 mace of protection
Missiles
 f - 75 poisoned darts (quivered)
Armour
 b - a +0 scale mail
 c - a +0 kite shield (worn)
 o - a +0 chain mail
 r - the +1 chain mail of the Trees (worn) {Fly Regen+ Stlth+}
   (You found it on level 7 of the Dungeon)

   Fly:       It grants you flight.
   Regen:     It increases your rate of health regeneration.
   Stlth:     It makes you more stealthy.
Wands
 m - a wand of charming (6)
 p - a wand of mindburst (12)
Scrolls
 g - a scroll of teleportation {unknown}
 h - 3 scrolls of magic mapping
 j - 2 scrolls of identify
 q - a scroll of summoning
 t - a scroll of blinking {unknown}
 u - a scroll of holy word
Potions
 d - a potion of might
 e - 2 potions of attraction
 i - a potion of ambrosia {unknown}
 k - a potion of lignification
 n - a potion of heal wounds
 s - a potion of haste {unknown}


   Skills:
 + Level 5.5 Fighting
 + Level 7.6 Axes
 + Level 6.1 Armour
 + Level 1.6 Dodging
 + Level 0.4 Stealth
 + Level 5.7 Shields


You had 6 spell levels left.
You didn't know any spells.
Your spell library contained the following spells:

 Spells                   Type           Power      Damage    Failure   Level
 Beastly Appendage        Tmut           0%         N/A       100%        1
 Sting                    Tmut/Pois      0%         1d3       100%        1
 Poisonous Vapours        Pois/Air       0%         N/A       100%        2
 Wereblood                Tmut           0%         N/A       100%        2
 Spider Form              Tmut/Pois      0%         N/A       100%        3
 Olgreb's Toxic Radiance  Pois           0%         N/A       100%        4


Dungeon Overview and Level Annotations

Branches:
Dungeon (8/15)
 Temple: D:4-7         Lair: D:8-11

Altars:
Sif Muna

Shops:
D:4 [


Innate Abilities, Weirdness & Mutations

You have a pair of horns on your head.
You reflexively headbutt those who attack you in melee.


Message History

You closely miss the frilled lizard.
You headbutt the frilled lizard, but do no damage.
The frilled lizard hisses.
You block the frilled lizard's attack.
The frilled lizard bites you but does no damage.
You miss the frilled lizard.
Your headbutt misses the frilled lizard.
You hit the komodo dragon.
The komodo dragon is lightly wounded.
You block the komodo dragon's attack.
You hit the komodo dragon but do no damage.
Your headbutt misses the komodo dragon.
The komodo dragon is lightly wounded.
You block the komodo dragon's attack.
You completely miss the komodo dragon.
The komodo dragon is lightly wounded.
You block the komodo dragon's attack. x2
You hit the komodo dragon. You headbutt the komodo dragon!
The komodo dragon is moderately wounded.
The komodo dragon bites you!
You hit the komodo dragon but do no damage.
You headbutt the komodo dragon!
The komodo dragon is severely wounded.
The komodo dragon completely misses you.
You hit the komodo dragon.
The komodo dragon is severely wounded.
The komodo dragon bites you but does no damage.
The komodo dragon bites you!!
You slash the komodo dragon!
The komodo dragon is almost dead.
The komodo dragon bites you!
* * * LOW HITPOINT WARNING * * *
You hit the komodo dragon.
The komodo dragon is almost dead.
The komodo dragon bites you.
* * * LOW HITPOINT WARNING * * *
You closely miss the komodo dragon.
The komodo dragon is almost dead.
The komodo dragon bites you!!
You die... .# .. # .# .P .# .Pl

### .# ...P #<# .#...Pl
#.#################....#
#..............@lll.#
#####################


You could see a komodo dragon and 2 frilled lizards.

Vanquished Creatures
  An ice beast (D:7)
  2 wyvern zombies (D:7)
  2 scorpions
  A water moccasin skeleton (D:4)
  A howler monkey (D:4)
  A centaur zombie (D:7)
  3 orc priests
  3 jellies (D:4)
  Ijyb (D:4)
  5 iguanas (D:8)
  3 gnolls (D:4)
  3 adders
  A shadow imp (D:3)
  An adder skeleton (D:4)
  3 worms
  7 dart slugs
  11 orcs
  3 ball pythons (D:1)
  5 bats
  12 endoplasms
  6 giant cockroaches
  6 goblins
  6 hobgoblins
  8 jackals
  4 quokkas
  6 frilled lizards
  5 kobolds
  10 rats
120 creatures vanquished.

Vanquished Creatures (others)
  6 plants (D:8)
6 creatures vanquished.

Grand Total: 126 creatures vanquished

Notes
Turn   | Place    | Note
-------+----------+-------------------------------------------
     0 | D:1      | boopmooplesden the Minotaur Fighter began the quest for the
                  | Orb.
     0 | D:1      | Reached XP level 1. HP: 19/19 MP: 0/0
   241 | D:1      | Reached XP level 2. HP: 20/27 MP: 1/1
   664 | D:1      | Reached XP level 3. HP: 25/33 MP: 2/2
  1220 | D:2      | Reached skill level 3 in Axes
  1370 | D:2      | Noticed a scorpion
  1374 | D:2      | Killed a scorpion
  1375 | D:2      | Reached XP level 4. HP: 41/41 MP: 3/3
  1465 | D:2      | Reached skill level 4 in Axes
  1581 | D:2      | Reached XP level 5. HP: 47/47 MP: 4/4
  1591 | D:2      | Found a faded altar of an unknown god.
  2299 | D:3      | Reached skill level 1 in Dodging
  2477 | D:3      | Found a shimmering blue altar of Sif Muna.
  3173 | D:4      | Reached skill level 5 in Axes
  3173 | D:4      | Reached XP level 6. HP: 55/55 MP: 5/5
  3212 | D:4      | Reached skill level 5 in Fighting
  3212 | D:4      | Reached skill level 5 in Armour
  3582 | D:4      | Reached skill level 6 in Axes
  3666 | D:4      | Reached skill level 5 in Shields
  3672 | D:4      | Reached XP level 7. HP: 36/61 MP: 6/6
  3828 | D:4      | Noticed Ijyb
  3835 | D:4      | Killed Ijyb
  3874 | D:4      | Found Wuku's Antique Armour Emporium.
  4166 | D:5      | Entered Level 5 of the Dungeon
  4169 | D:5      | You fall into a shaft and drop 2 floors!
  4182 | D:7      | Identified the +1 chain mail of the Trees {Fly Regen+
                  | Stlth+}
  4381 | D:7      | Reached skill level 7 in Axes
  4471 | D:7      | Noticed a two-headed ogre
  4523 | D:8      | Noticed a komodo dragon
  4537 | D:8      | Mangled by a komodo dragon

Illustrated notes

Levels and vault maps discovered:
D:1:      zelgadis_glass_arrival_small, layout_basic, patterned_corridor
D:2:      layout_rooms, shapermc_ecumenical_altar_hornbeckon
D:3:      layout_basic, nicolae_sif_muna_little_library
D:4:      layout_loops_ring, serial_shops, shop, uniq_ijyb
D:5:      layout_gridville, fountainhead
D:7:      layout_basic, nicolae_overflow_crystal_walls, temple_doors_cd,
          due_unseen_surprise
D:8:      layout_basic, worldfamousw_hep_ancestral_shrine,
          nicolae_ru_sacrificial_ziggurat, dpeg_oklobed_lair,
          minmay_lizard_king, uniq_pikel

Skill      XL: |  1  2  3  4  5  6  7 |
---------------+----------------------+-----
Armour         | 4 5 6 |  6.1
Fighting       | 4 5 |  5.5
Shields        | 4 5 |  5.7
Axes           | 3 4 5 6 7 |  7.6
Dodging        | 1 |  1.6
Stealth        | |  0.4

Action                   |  1- 3 |  4- 6 |  7- 9 || total
-------------------------+-------+-------+-------++-------
Melee: War axe           |    80 |   139 |    76 ||   295
       Headbutt          |    16 |    23 |    18 ||    57
Throw: Dart              |     1 |       |     1 ||     2
  Use: Scroll            |       |     8 |     1 ||     9
Armor: Scale mail        |    39 |    56 |     5 ||   100
       Chain mail        |       |       |    20 ||    20
Dodge: Dodged            |    29 |    40 |    15 ||    84
Block: Kite shield       |    38 |    86 |    38 ||   162
